 Dungeon Crawl Stone Soup version 0.28.0-49-g6dfe1f597d (webtiles) character file.

Game seed: 14790517787597495612

82 Exodus22XD the Poker (level 4, 0/34 HPs)
             Began as a Demonspawn Gladiator on May 15, 2022.
             Slain by a gnoll
             ... wielding a +0 spear
              (2 damage)
             ... on level 2 of the Dungeon.
             The game lasted 00:00:53 (1225 turns).

Exodus22XD the Poker (Demonspawn Gladiator)         Turns: 1225, Time: 00:00:54

Health: 0/34       AC: 10    Str: 17    XL:     4   Next: 21%
Magic:  4/4        EV: 10    Int:  9    God:
Gold:   66         SH:  0    Dex: 16    Spells: 3/3 levels left

rFire   . . .      SeeInvis .   a - +0 trident
rCold   . . .      Faith    .   (no shield)
rNeg    . . .      Spirit   .   e - +0 scale mail
rPois   .          Reflect  .   c - +0 helmet
rElec   .          Harm     .   (no cloak)
rCorr   .          Rampage  .   g - +2 pair of gloves
Will    .....                   (no boots)
Stlth   +.........              (no amulet)
HPRegen 0.11/turn               (no ring)
MPRegen 0.09/turn               (no ring)

@: no status effects
A: claws 2, thin skeletal structure 1
a: no special abilities


You were on level 2 of the Dungeon.
You visited 1 branch of the dungeon, and saw 2 of its levels.

You collected 66 gold pieces.

Inventory:

Hand Weapons
 a - a +0 trident (weapon)
Missiles
 d - 3 throwing nets (quivered)
Armour
 c - a +0 helmet (worn)
 e - a +0 scale mail (worn)
 g - a +2 pair of gloves (worn)
Jewellery
 k - a ring of fire
Scrolls
 b - a scroll of enchant armour {unknown}
 f - 2 scrolls of identify {unknown}
 i - a scroll of enchant weapon {unknown}
 j - a scroll of noise {unknown}
Potions
 h - a potion of curing {unknown}


   Skills:
 + Level 2.6 Fighting
 + Level 3.4 Polearms
 + Level 1.9 Throwing
 + Level 1.5 Armour
 + Level 3.1 Dodging
 + Level 0.1 Stealth


You had 3 spell levels left.
You didn't know any spells.
Your spell library was empty.

Dungeon Overview and Level Annotations

Branches:
Dungeon (2/15)

Altars:


Innate Abilities, Weirdness & Mutations

You have very sharp fingernails.
You have a somewhat thin skeletal structure. (Dex +2, Stealth+)


Message History

The gnoll is severely wounded.
The gnoll barely misses you. The gnoll closely misses you.
The gnoll hits you from afar with a +0 spear.
You hit the gnoll but do no damage.
The gnoll is severely wounded.
The gnoll hits you with a +0 whip. The gnoll hits you but does no damage.
The gnoll closely misses you.
You hit the gnoll.
The gnoll is almost dead.
The gnoll closely misses you. The gnoll hits you with a +0 whip.
You closely miss the gnoll.
The gnoll is almost dead.
The gnoll hits you but does no damage. The gnoll closely misses you.
You barely miss the gnoll.
The gnoll is almost dead.
The gnoll barely misses you. x2
You closely miss the gnoll.
The gnoll is almost dead.
The gnoll barely misses you. The gnoll hits you with a +0 whip.
* * * LOW HITPOINT WARNING * * *
You barely miss the gnoll.
The gnoll is almost dead.
The gnoll hits you but does no damage. The gnoll closely misses you.
You closely miss the gnoll.
The gnoll is almost dead.
The gnoll hits you from afar with a +0 spear.
* * * LOW HITPOINT WARNING * * *
The gnoll hits you but does no damage.
The gnoll hits you from afar with a +0 spear.
* * * LOW HITPOINT WARNING * * *
You hit the gnoll.
You kill the gnoll!
The gnoll closely misses you. The gnoll hits you with a +0 spear.
* * * LOW HITPOINT WARNING * * *
You see here a +0 whip.
You closely miss the gnoll.
The gnoll is moderately wounded.
The gnoll hits you with a +0 spear.
You die...

##.[...............###
...#........######.#
..##....#..## #.#
.......###... #.#
.##....# ###. #.##
.#...#.. #.#####..##
....####.###.........#
# ..# ....P.P.P...# #
.# ...PP..@.P..# #
...P..)g.P..# .
......P.PP.## .
.......P.P.# .
...P....PP..# .
....PP.PP...# .
###.......#.# .
#.........# .


You could see a gnoll.

Vanquished Creatures
  Jessica (D:2)
  2 gnolls (D:2)
  A worm (D:2)
  A dart slug (D:2)
  3 bats (D:1)
  4 endoplasms
  2 giant cockroaches
  2 goblins
  2 hobgoblins (D:1)
  2 jackals (D:1)
  2 quokkas (D:1)
  4 ball pythons (D:1)
  A kobold (D:2)
  3 rats (D:1)
30 creatures vanquished.

Notes
Turn   | Place    | Note
-------+----------+-------------------------------------------
     0 | D:1      | Exodus22XD the Demonspawn Gladiator began the quest for the
                  | Orb.
     0 | D:1      | Reached XP level 1. HP: 16/16 MP: 1/1
     9 | D:1      | Found a faded altar of an unknown god.
   393 | D:1      | Gained mutation: You have a somewhat thin skeletal
                  | structure. (Dex +2, Stealth+) [demonic ancestry]
   393 | D:1      | Reached XP level 2. HP: 22/22 MP: 2/2
   955 | D:2      | Reached skill level 1 in Armour
   959 | D:2      | Gained mutation: You have sharp fingernails. [demonic
                  | ancestry]
   959 | D:2      | Reached XP level 3. HP: 23/28 MP: 3/3
  1053 | D:2      | Noticed Jessica
  1071 | D:2      | Killed Jessica
  1211 | D:2      | Gained mutation: You have very sharp fingernails. [demonic
                  | ancestry]
  1211 | D:2      | Reached XP level 4. HP: 28/34 MP: 4/4
  1225 | D:2      | Slain by a gnoll

Illustrated notes

Levels and vault maps discovered:
D:1:      dpeg_arrival_simpleton_b, layout_loops_ring,
          dreamdust_ecumenical_altar_statues, serial_bayou_pond_b
D:2:      layout_rooms, minmay_misc_feat_tiny, nicolae_grassy_gnolls,
          uniq_jessica

Skill      XL: |  1  2  3 |
---------------+----------+-----
Dodging        | 3 |  3.1
Armour         | 1 |  1.5
Polearms       | 3 |  3.4
Fighting       | |  2.6
Throwing       | |  1.9
Stealth        | |  0.1

Action                   |  1- 3 |  4- 6 || total
-------------------------+-------+-------++-------
Melee: Trident           |   107 |    14 ||   121
 Stab: Sleeping          |     2 |       ||     2
Armor: Scale mail        |    47 |     5 ||    52
       Leather armour    |     1 |       ||     1
Dodge: Dodged            |    50 |    11 ||    61
